 Dungeon Crawl Stone Soup version 0.20.1 (webtiles) character file.

68 VajrapaniSR the Ruffian (level 4, 0/44 HPs)
             Began as a Troll Monk on July 2, 2017.
             Slain by a bullfrog skeleton (1 damage)
             ... on level 4 of the Dungeon.
             The game lasted 00:03:20 (490 turns).

VajrapaniSR the Ruffian (Troll Monk)                 Turns: 490, Time: 00:03:20

Health: 0/44       AC:  5    Str: 19    XL:     4   Next: 1%
Magic:  3/3        EV: 10    Int:  6    God:
Gold:   1          SH:  0    Dex: 13    Spells: 3/3 levels left

rFire    + . .     SeeInvis .     - Unarmed
rCold    x . .     Gourm    +   (no shield)
rNeg     . . .     Faith    .   a - +0 robe
rPois    .         Spirit   .   (helmet restricted)
rElec    .         Reflect  .   (no cloak)
rCorr    .         Harm     .   (gloves unavailable)
MR       .....                  (boots unavailable)
Stlth    ++........             n - amulet of inaccuracy (curse)
Regen    0.6/turn               f - ring of fire
MPRegen  0.1/turn               (no ring)

@: lethally poisoned (0 -> 0), slowed, very slow
A: unfitting armour, claws 3, fast metabolism 3, gourmand, regeneration 1,
shaggy fur 1, tough skin 2
a: no special abilities


You were on level 4 of the Dungeon.
You were hungry.

You visited 1 branch of the dungeon, and saw 4 of its levels.

You collected 40 gold pieces.
You spent 39 gold pieces at shops.

Inventory:

Armour
 a - a +0 robe (worn)
Jewellery
 f - a ring of fire (left claw)
 n - a cursed amulet of inaccuracy (around neck)
Scrolls
 e - a scroll of teleportation
 m - 3 scrolls of enchant weapon
Comestibles
 b - 2 bread rations
 c - 3 chunks of flesh
 d - a royal jelly
 j - 2 meat rations


   Skills:
 - Level 2.4 Fighting
 - Level 2.4 Dodging
 - Level 1.0 Stealth
 + Level 4.9 Unarmed Combat


You had 3 spell levels left.
You didn't know any spells.

Dungeon Overview and Level Annotations

Branches:
Dungeon (4/15)
 Temple: D:4-7

Altars:

Shops:
D:4 ?

Annotations:
D:3 2 transporters


Innate Abilities, Weirdness & Mutations

You are too large for most types of armour.
You have claws for hands.
Your metabolism is lightning-fast.
You like to eat raw meat.
Your natural rate of healing is unusually fast.
You are covered in fur. (AC +1)
You have very tough skin. (AC +2)


Message History

* * * LOW HITPOINT WARNING * * *
The orc wizard hits you with a dagger.
* * * LOW HITPOINT WARNING * * *
You take 11 damage, and have 8/44 hp.
MASSIVE DAMAGE!!
Put on which piece of jewellery? (? for menu, Esc to quit)
You feel more attuned to fire.
f - a ring of fire (left claw)
The orc hits you with a war axe.
* * * LOW HITPOINT WARNING * * *
The bullfrog skeleton hits you but does no damage.
You take 6 damage, and have 2/44 hp.
Unknown command.
You feel sick. The orc wizard closely misses you.
The bullfrog skeleton closely misses you.
Unknown command.
It was a potion of magic.
Magic courses through your body.
You feel sick.
The orc wizard points at you and mumbles some strange words.
You feel yourself slow down. The orc hits you but does no damage.
The bullfrog skeleton hits you.
You die...

#.)(# #.#. #...# ....#
#...# #......
#...######........
#.⌠.⌠#............
.######..∩.........#.#..
......oo⌠.⌠.......?.....
....$..oZ.....!.........
.......@o..............#
#######....#..........
#.........#.#.#
#...#######.# # #...# .
. #...# ## #...# ....#


You could see an orc wizard, 3 orcs and a bullfrog skeleton.

Vanquished Creatures
  An orc priest (D:3)
  3 dart slugs
  2 leopard geckos
  4 orcs
  A bat (D:3)
  3 goblins
  A hobgoblin (D:2)
  4 kobolds
  2 quokkas (D:3)
  A ball python (D:1)
  2 frilled lizards
  A quokka skeleton (D:4)
  2 rats (D:2)
27 creatures vanquished.

Notes
Turn   | Place    | Note
-------+----------+-------------------------------------------
     0 | D:1      | VajrapaniSR the Troll Monk began the quest for the Orb.
     0 | D:1      | Reached XP level 1. HP: 22/22 MP: 0/0
    18 | D:1      | Reached XP level 2. HP: 27/29 MP: 1/1
   145 | D:2      | Reached skill level 4 in Unarmed Combat
   205 | D:3      | Found a transporter.
   208 | D:3      | Found a transporter.
   268 | D:2      | Reached XP level 3. HP: 19/36 MP: 2/2
   441 | D:3      | Reached XP level 4. HP: 31/44 MP: 3/3
   471 | D:4      | Found Guros's Magic Scroll Emporium.
   476 | D:4      | Bought a scroll of teleportation for 39 gold pieces
   488 | D:4      | HP: 2/44 [orc/war axe (6)]
   490 | D:4      | Slain by a bullfrog skeleton

Skill      XL: |  1  2 |
---------------+-------+-----
Unarmed Combat | 4 |  4.9
Fighting       | |  2.4
Dodging        | |  2.4
Stealth        | |  1.0

Action                   |  1- 3 |  4- 6 || total
-------------------------+-------+-------++-------
Melee: Unarmed           |    69 |     7 ||    76
       Punch             |     1 |       ||     1
  Use: Scroll            |       |     5 ||     5
       Potion            |       |     1 ||     1
 Stab: Sleeping          |     1 |       ||     1
  Eat: Chunk             |     1 |       ||     1
Armor: Robe              |    24 |     7 ||    31
Dodge: Dodged            |    48 |    13 ||    61
